 Dungeon Crawl Stone Soup version 0.21.1-1-g345015fe64 (webtiles) character file.

6378 Danqa the Unseen (level 10, -1/41 HPs)
             Began as a Spriggan Assassin on Mar 28, 2018.
             Was a Believer of Ashenzari.
             Slain by a troll (14 damage)
             ... on level 9 of the Dungeon.
             The game lasted 00:27:27 (12263 turns).

Danqa the Unseen (Spriggan Assassin)               Turns: 12263, Time: 00:27:27

Health: -1/41      AC: 11    Str: 10    XL:     10   Next: 65%
Magic:  13/13      EV: 29    Int: 12    God:    Ashenzari [**....]
Gold:   384        SH:  0    Dex: 22    Spells: 9/9 levels left

rFire    + . .     SeeInvis +   o - +3 short sword (protect)
rCold    . . .     Gourm    .   (shield restricted)
rNeg     . . .     Faith    .   c - +0 robe (curse)
rPois    .         Spirit   .   (helmet restricted)
rElec    .         Reflect  .   D - +0 cloak {+Inv} (curse)
rCorr    .         Harm     +   (gloves unavailable)
MR       +....                  (boots unavailable)
Stlth    +++++++...             M - amulet of harm
HPRegen  0.13/turn              j - +3 ring of strength
MPRegen  0.13/turn              z - ring of protection from fire

@: protection aura, very quick
A: very small, unfitting armour, talons 1, see invisible, herbivore, speed 3,
frail 1, shaggy fur 1, slow metabolism 2
a: Curse Item, Scrying, Renounce Religion, Evoke Invisibility


You were on level 9 of the Dungeon.
You worshipped Ashenzari.
Ashenzari was pleased with you.
You were not hungry.

You visited 2 branches of the dungeon, and saw 10 of its levels.

You collected 384 gold pieces.

Inventory:

Hand Weapons
 a - a +2 dagger
 b - a +0 blowgun
 o - a +3 short sword of protection (weapon)
Missiles
 e - 14 poisoned needles
 r - 7 needles of sleeping
 K - a throwing net (quivered)
 P - 2 curare-tipped needles
Armour
 c - a cursed +0 robe (worn)
 D - a cursed +0 cloak of invisibility (worn)
Jewellery
 j - a +3 ring of strength (left hand)
 u - an uncursed ring of flight
 z - a ring of protection from fire (right hand)
 M - an amulet of harm (around neck)
Wands
 H - a wand of flame (21)
 L - a wand of polymorph (7)
Scrolls
 d - a scroll of fog {unknown}
 f - a scroll of holy word {unknown}
 i - 6 scrolls of magic mapping
 q - 2 scrolls of amnesia
 t - 2 scrolls of blinking
 x - a scroll of enchant weapon
 y - a scroll of immolation
 A - 3 scrolls of teleportation
 G - 3 scrolls of enchant armour
 I - 2 scrolls of random uselessness {unknown}
 J - a scroll of fear {unknown}
 O - a scroll of remove curse
Potions
 h - a potion of cancellation {unknown}
 k - a potion of resistance {unknown}
 l - a potion of berserk rage {unknown}
 m - a potion of invisibility {unknown}
 n - 4 potions of heal wounds
 p - 2 potions of flight {unknown}
 s - a potion of mutation
 v - 3 potions of agility {unknown}
 w - a potion of might {unknown}
 B - 4 potions of degeneration
 C - 2 potions of ambrosia {unknown}
 E - a potion of magic {unknown}
 F - a potion of curing
 N - a potion of lignification {unknown}
Comestibles
 g - 24 rations


   Skills:
 - Level 1.8 Fighting
 + Level 10.6 Short Blades
 - Level 2.1 Throwing
 + Level 9.2(10.6) Dodging
 * Level 16.8(18.0) Stealth
 + Level 2.7 Evocations


You had 9 spell levels left.
You didn't know any spells.

Dungeon Overview and Level Annotations

Branches:
Dungeon (9/15)             Temple (1/1) D:6            Lair (0/6) D:8
    Orc: D:9-12

Altars:
Ashenzari
Elyvilon
Fedhas
Gozag
Hepliaklqana
Kikubaaqudgha
Nemelex Xobeh
Sif Muna
Uskayaw
Wu Jian
Xom
The Shining One

Shops:
D:6 %*


Innate Abilities, Weirdness & Mutations

You are very small and have problems with some larger weapons.
You are too small for most types of armour.
You have supernaturally acute eyesight. (SInv)
You are a herbivore.
You cover ground extremely quickly.
You need consume almost no food.
You have sharp toenails.
You are frail. (-10% HP)
You are covered in fur. (AC +1)


Message History

You closely miss the troll. You claw the troll.
The troll is heavily wounded.
You hit the troll.
The troll is severely wounded.
The troll completely misses you. The troll closely misses you.
The troll completely misses you.
You hit the troll.
The troll is severely wounded.
You hit the troll.
The troll is severely wounded.
The troll misses you. The troll completely misses you. The troll claws you.
You hit the troll.
The troll is almost dead.
You closely miss the troll.
The troll is almost dead.
The troll bites you! The troll misses you. The troll claws you.
You hit the troll. Your kick misses the troll.
The troll is almost dead.
The troll completely misses you. The troll claws you!
You die...

........#.#.# #.# .######.#.#.#
#.# .# #.#.#.########.#
.######.#.#.##.......#
...............##.##.#
..................##.#
.######.#............#
.######.#.#.##.##.##.########
...............T@............
###.###.#.#.##.##.##......(..
............##.##.##.########.#
###.###.#.####.##.##.# #.#
..................##.#### #.#
###.###.#.####..........# #.#
........#.####..........# #.#
....................[...## #.#
.....##.####...#####.###.####.###


You could see a troll.

Vanquished Creatures
  2 two-headed ogres (D:9)
  The ghost of Gitz the Cleaver, a novice MiFi of Okawaru (D:9)
  Prince Ribbit (D:8)
  Grinder (D:5)
  A hippogriff (D:8)
  4 hogs
  A human (D:6)
  A wraith (D:9)
  4 ice beasts
  2 phantoms
  6 ogres
  4 centaurs
  3 bullfrogs
  3 scorpions
  A water moccasin skeleton (D:9)
  2 howler monkeys
  3 crimson imps
  A centaur zombie (D:5)
  A quasit (D:8)
  A hound (D:9)
  Crazy Yiuf (D:6)
  6 orc priests
  10 orc wizards
  2 iguanas
  5 worker ants
  Natasha (D:4)
  A howler monkey zombie (D:6)
  A worker ant zombie (D:5)
  Robin (D:3)
  12 gnolls
  9 adders
  4 shadow imps
  2 oozes
  An adder zombie (D:6)
  2 adder skeletons
  2 worms (D:2)
  2 dart slugs
  3 leopard geckos
  33 orcs
  8 bats
  6 giant cockroaches
  16 goblins
  13 hobgoblins
  14 jackals
  10 kobolds
  3 quokkas
  A ball python (D:6)
  6 frilled lizards
  A leopard gecko skeleton (D:6)
  A quokka zombie (D:9)
  5 rats
225 creatures vanquished.

Vanquished Creatures (others)
  An orc wizard (D:3)
1 creature vanquished.

Grand Total: 226 creatures vanquished

Notes
Turn   | Place    | Note
-------+----------+-------------------------------------------
     0 | D:1      | Danqa the Spriggan Assassin began the quest for the Orb.
     0 | D:1      | Reached XP level 1. HP: 10/10 MP: 2/2
    43 | D:1      | Reached skill level 6 in Stealth
    96 | D:1      | Reached XP level 2. HP: 10/14 MP: 3/3
   511 | D:1      | Found a glowing golden altar of the Shining One.
   678 | D:1      | Reached XP level 3. HP: 16/18 MP: 4/4
   971 | D:2      | Reached skill level 7 in Stealth
  1637 | D:2      | Reached XP level 4. HP: 23/23 MP: 5/5
  2033 | D:2      | Found a deep blue altar of Sif Muna.
  2036 | D:2      | Found an opulent altar of Gozag.
  2179 | D:3      | Reached XP level 5. HP: 26/26 MP: 6/6
  2206 | D:3      | Noticed Robin
  2263 | D:3      | Killed Robin
  2992 | D:3      | Reached skill level 5 in Short Blades
  2992 | D:3      | Reached XP level 6. HP: 25/30 MP: 7/7
  3586 | D:4      | Reached skill level 8 in Stealth
  3877 | D:4      | Noticed Natasha
  3880 | D:4      | Killed Natasha
  3939 | D:4      | Found a shimmering altar of Xom.
  4564 | D:5      | Entered Level 5 of the Dungeon
  4566 | D:5      | Found a sparkling altar of Nemelex Xobeh.
  4669 | D:5      | Noticed Grinder
  4703 | D:5      | Killed Grinder
  4703 | D:5      | Reached skill level 5 in Dodging
  4703 | D:5      | Reached skill level 9 in Stealth
  4703 | D:5      | Reached XP level 7. HP: 15/34 MP: 8/8
  5109 | D:5      | Reached skill level 10 in Stealth
  5341 | D:5      | Reached XP level 8. HP: 39/39 MP: 9/9
  5823 | D:6      | Found Con Vuho's General Store.
  5834 | D:6      | Gained mutation: You are frail. (-10% HP) [potion of mutation]
  5834 | D:6      | Gained mutation: You have sharp toenails. [potion of mutation]
  5834 | D:6      | Gained mutation: You are covered in fur. (AC +1) [potion of mutation]
  5989 | D:6      | Reached skill level 11 in Stealth
  6284 | D:6      | Found a blossoming altar of Fedhas.
  6288 | D:6      | Found an ancient bone altar of Kikubaaqudgha.
  6368 | D:6      | Found a staircase to the Ecumenical Temple.
  6466 | Temple   | Entered the Ecumenical Temple
  6483 | Temple   | Became a worshipper of Ashenzari the Shackled
  6571 | D:6      | Found Poxzad's Food Shoppe.
  6817 | D:6      | Found a runed door.
  6865 | D:6      | Noticed Crazy Yiuf
  6869 | D:6      | Killed Crazy Yiuf
  7103 | D:7      | Reached skill level 12 in Stealth
  7633 | D:7      | Found an ornate altar of the Wu Jian Council.
  7729 | D:7      | Found a flagged portal.
  8432 | D:7      | Reached XP level 9. HP: 37/37 MP: 10/10
  8643 | D:6      | Reached skill level 13 in Stealth
  9587 | D:8      | Found a staircase to the Lair.
  9607 | D:8      | Noticed Prince Ribbit
  9614 | D:8      | Killed Prince Ribbit
  9614 | D:8      | Reached skill level 14 in Stealth
  9729 | D:8      | Reached * piety under Ashenzari
 10527 | D:9      | Noticed a two-headed ogre
 10532 | D:9      | Killed a two-headed ogre
 10532 | D:9      | Reached skill level 15 in Stealth
 10532 | D:9      | Reached XP level 10. HP: 41/41 MP: 11/11
 10542 | D:9      | Reached skill level 10 in Short Blades
 10550 | D:9      | Noticed Gitz's ghost (novice MiFi)
 10890 | D:9      | Noticed a two-headed ogre
 10939 | D:9      | Killed a two-headed ogre
 11048 | D:9      | Reached skill level 1 in Evocations
 11071 | D:9      | Reached skill level 16 in Stealth
 11356 | D:9      | Killed Gitz's ghost
 11826 | D:9      | Reached ** piety under Ashenzari
 12263 | D:9      | Slain by a troll

Skill      XL: |  1  2  3  4  5  6  7  8  9 10 |
---------------+-------------------------------+-----
Stealth        | 6 7 9 10 12 15 16 | 16.8
Dodging        | 2 3 5 6 7 8 9 |  9.2
Short Blades   | 3 4 5 6 8 9 10 | 10.6
Evocations     | 2 |  2.7
Fighting       | |  1.8
Throwing       | |  2.1

Action                   |  1- 3 |  4- 6 |  7- 9 | 10-12 || total
-------------------------+-------+-------+-------+-------++-------
Melee: Dagger            |    62 |       |       |       ||    62
       Short sword       |   116 |   246 |   421 |   152 ||   935
       Kick              |       |       |    86 |    52 ||   138
 Fire: Blowgun           |       |    21 |    12 |    25 ||    58
Invok: Curse Item        |       |       |     3 |       ||     3
 Abil: Evoke Invisibilit |       |       |       |     1 ||     1
Evoke: Wand              |       |       |       |    16 ||    16
  Use: Scroll            |       |     5 |     7 |     1 ||    13
       Potion            |       |     1 |     2 |       ||     3
 Stab: Sleeping          |     7 |    11 |    31 |     6 ||    55
       Distracted        |     1 |       |     1 |     1 ||     3
       Invisible         |       |       |       |     3 ||     3
  Eat: Ration            |       |       |     3 |     2 ||     5
Armor: Robe              |    41 |    54 |    52 |     8 ||   155
Dodge: Dodged            |   179 |   204 |   282 |    78 ||   743
